 Dungeon Crawl Stone Soup version 0.20-a0-893-g832831a (webtiles) character file.

458 nikopol the Magician (level 6, -2/32 HPs)
             Began as a Deep Elf Fire Elementalist on Mar 16, 2017.
             Killed by divine providence
             ... invoked by an orc priest
              (12 damage)
             ... on level 5 of the Dungeon.
             The game lasted 00:20:12 (4585 turns).

nikopol the Magician (Deep Elf Fire Elementalist)   Turns: 4585, Time: 00:20:13

Health: -2/32      AC:  4    Str:  5    XL:     6   Next: 77%
Magic:  7/16       EV: 14    Int: 22    God:
Gold:   251        SH:  4    Dex: 15    Spells: 6/15 levels left

rFire    . . .     SeeInvis .   s - +0 long sword (slice)
rCold    . . .     Gourm    .   a - +0 robe
rNeg     . . .     Faith    .   t - +0 buckler
rPois    .         Spirit   .   (no helmet)
rElec    .         Reflect  .   A - +0 cloak
rCorr    .         Harm     .   (no gloves)
MR       .....                  f - +0 pair of boots
Stlth    ++........             (no amulet)
Regen    0.1/turn               (no ring)
MPRegen  0.2/turn               (no ring)

@: no status effects
A: no striking features
a: no special abilities


You were on level 5 of the Dungeon.
You were not hungry.

You visited 1 branch of the dungeon, and saw 5 of its levels.

You collected 251 gold pieces.

Inventory:

Hand Weapons
 j - a +0 short sword
 m - a +0 dagger
 s - a +0 long sword of slicing (weapon)
 x - a +0 falchion of holy wrath
Armour
 a - a +0 robe (worn)
 f - a +0 pair of boots (worn)
 k - a +1 pair of boots
 t - a +0 buckler (worn)
 A - a +0 cloak (worn)
Wands
 z - a wand of lightning (9/15)
 F - a wand of acid (11/15)
Scrolls
 e - 2 scrolls of amnesia {unknown}
 h - 2 scrolls of enchant weapon {unknown}
 i - 2 scrolls of immolation {unknown}
 l - 2 scrolls of teleportation {unknown}
 u - 2 scrolls of identify {unknown}
 v - 2 scrolls of blinking {unknown}
 y - 3 scrolls of remove curse {unknown}
 D - a scroll of enchant armour {unknown}
Potions
 d - 2 potions of lignification {unknown}
 g - a potion of cancellation {unknown}
 n - a potion of ambrosia {unknown}
 o - a potion of degeneration {unknown}
 p - a potion of curing {unknown}
 q - 3 potions of haste {unknown}
 r - a potion of brilliance {unknown}
 B - 2 potions of heal wounds {unknown}
 C - a potion of berserk rage {unknown}
 E - a potion of agility
Books
 b - a book of Flames

   Spells                             Type                      Level
   a - Flame Tongue                   Conjuration/Fire             1
   b - Throw Flame                    Conjuration/Fire             2
   c - Conjure Flame                  Conjuration/Fire             3
   d - Inner Flame                    Hexes/Fire                   3
   e - Sticky Flame                   Conjuration/Fire             4
   f - Fireball                       Conjuration/Fire             5
Comestibles
 c - 6 bread rations
 w - a royal jelly


   Skills:
 + Level 4.5 Dodging
 - Level 3.5 Stealth
 * Level 1.2 Shields
 * Level 5.4 Spellcasting
 * Level 3.5 Conjurations
 * Level 4.6 Fire Magic


You had 6 spell levels left.
You knew the following spells:

 Your Spells              Type           Power        Failure   Level  Hunger
a - Flame Tongue          Conj/Fire      ###..        2%          1    None
b - Conjure Flame         Conj/Fire      ###.....     10%         3    ##.....
c - Fireball              Conj/Fire      ###.......   82%         5    #####..


Dungeon Overview and Level Annotations

Branches:
Dungeon (5/15)
 Temple: D:4-7

Altars:
The Shining One


Message History

The flame tongue hits the orc priest.
The orc priest is almost dead.
The orc priest calls upon Beogh to heal the orc priest.
The orc priest is healed somewhat.
Casting: Flame Tongue
Confirm with . or Enter, or press ? or * to list all spells.
Aiming: Flame Tongue
Press: ? - help, Shift-Dir - straight line, f/p - orc priest
Aim: an orc priest, wielding a flail and wearing a chain mail (heavily wounded)
The flame tongue hits the orc priest.
The orc priest is severely wounded.
The orc priest invokes the aid of Beogh against you.
Beogh smites you!
* * * LOW HITPOINT WARNING * * *
The orc priest calls upon Beogh to heal the orc priest.
The orc priest is healed somewhat.
Your magical contamination has completely faded away.
The orc priest mumbles some strange prayers to Beogh against you.
Beogh smites you!
You die...

#.# ##.##########.......#
##.# #.# #.#.###.# ...# #.#
#.#.# #.# .### ##+##
###.#.# #.# .## ##>..##
#.....###.# ..####.....##
#.#.......# ##.##.......##
#..########
##..........####...#####
##.........'..@........
#.........####...#####
##........## #..##
##.##.<...## #.##
##.####...## #.# ..## ##+##
###o### ### ### #####.....#
..###.#####....##o##....##
#.#)#...##..####...####..##


You could see an orc priest and an orc.

Vanquished Creatures
  The ghost of George the Slasher, an amateur MiFi (D:4)
  Crazy Yiuf (D:3)
  Ijyb (D:3)
  3 orc wizards
  A worker ant (D:3)
  3 gnolls (D:5)
  3 adders
  3 oozes
  2 worms
  4 leopard geckos
  8 orcs
  A ball python (D:3)
  9 bats
  3 giant cockroaches
  10 goblins
  4 hobgoblins
  4 jackals (D:3)
  8 kobolds
  3 quokkas
  3 frilled lizards
  A quokka zombie (D:5)
  6 rats
82 creatures vanquished.

Notes
Turn   | Place    | Note
-------+----------+-------------------------------------------
     0 | D:1      | nikopol the Deep Elf Fire Elementalist began the quest for the Orb.
     0 | D:1      | Reached XP level 1. HP: 10/10 MP: 6/6
   273 | D:1      | Reached XP level 2. HP: 13/15 MP: 4/8
   892 | D:2      | Reached XP level 3. HP: 19/19 MP: 0/9
   897 | D:2      | Learned a level 3 spell: Conjure Flame
  1587 | D:3      | Reached XP level 4. HP: 17/24 MP: 5/11
  1775 | D:3      | Found a runed door.
  2438 | D:3      | Noticed Ijyb
  2462 | D:3      | Killed Ijyb
  2462 | D:3      | Reached skill level 4 in Spellcasting
  2481 | D:3      | Reached XP level 5. HP: 27/28 MP: 2/13
  2584 | D:3      | Learned a level 5 spell: Fireball
  2699 | D:3      | Noticed Crazy Yiuf
  2705 | D:3      | Killed Crazy Yiuf
  2952 | D:4      | Found a glowing golden altar of the Shining One.
  3066 | D:4      | Noticed George's ghost (amateur MiFi)
  3692 | D:4      | Killed George's ghost
  3692 | D:4      | Reached skill level 1 in Shields
  3692 | D:4      | Reached skill level 5 in Spellcasting
  3692 | D:4      | Reached XP level 6. HP: 32/32 MP: 0/15
  4010 | D:5      | Entered Level 5 of the Dungeon
  4585 | D:5      | Killed from afar by an orc priest

Vault maps used:
D:1:      dpeg_arrival_central
D:3:      kennysheep_the_goblin_king, uniq_crazy_yiuf_cottage
D:4:      marbit_many_paths, first_bread, hangedman_decor_diamond_cutter
D:5:      wad_crossroads, nicolae_qazlal_general_emergency

Skill      XL: |  1  2  3  4  5 |
---------------+----------------+-----
Dodging        | 3 4 |  4.5
Conjurations   | 2 3 |  3.5
Stealth        | 3 |  3.5
Spellcasting   | 4 5 |  5.4
Fire Magic     | 4 |  4.6
Shields        | 1 |  1.2

Action                   |  1- 3 |  4- 6 || total
-------------------------+-------+-------++-------
Melee: Long sword        |       |     1 ||     1
 Cast: Flame Tongue      |    81 |   117 ||   198
       Conjure Flame     |       |     7 ||     7
  Eat: Chunk             |     2 |     9 ||    11
Armor: Robe              |     4 |     8 ||    12
Dodge: Dodged            |    21 |    24 ||    45
Block: Buckler           |       |     1 ||     1
       Rpst.: Long sword |       |     6 ||     6
